 Dungeon Crawl Stone Soup version 0.31.0-1-g2c135a008e (webtiles) character file.

Game seed: 1579233099403911010

68 qw the Shooter (level 4, 0/35 HPs)
             Began as a Djinni Hunter on Jan 23, 2024.
             Killed from afar by Sigmund (3 damage)
             ... with a puff of flame
             ... on level 3 of the Dungeon.
             The game lasted 00:00:07 (1227 turns).

qw the Shooter (Djinni Hunter)                      Turns: 1227, Time: 00:00:07

Health: 0/35       AC:  3    Str: 10    XL:     4   Next: 41%
Gold:   101        EV: 27    Int: 11    God:
                   SH:  0    Dex: 18

rFire   + . .        a - +1 shortbow
rCold   . . .        (shield currently unavailable)
rNeg    . . .        c - +0 leather armour
rPois   inf          (no helmet)
rElec   .            (no cloak)
rCorr   .            (no gloves)
SInv    .            (boots unavailable)
Will    .....        m - amulet of the acrobat
Stlth   ++           h - ring of ice
HPRegen 0.25/turn    (no ring)
MPRegen 0.00/turn

%: acrobat, infuse magic (-1 HP)
@: acrobatic, flying
A: sickness immunity, fire resistance 2, cold vulnerability 1, float, innate
caster, HP casting, extra vitality 1
a: no special abilities


You were on level 3 of the Dungeon.
You visited 1 branch of the dungeon, and saw 3 of its levels.

You collected 101 gold pieces.


Innate Abilities, Weirdness & Mutations

You are immune to sickness and miasma.
You are immune to poison.
Your flesh is very heat resistant. (rF++)
You are vulnerable to cold. (rC-)
You float through the air rather than walking.
You learn spells naturally, not from books.
Your magical power is your life essence.
You have superior vitality. (+4 MHP)


   Skills:
 - Level 3.1 Fighting
 - Level 4.0 Ranged Weapons
 + Level 2.6 Dodging
 - Level 0.7 Stealth


You knew the following spells:

 Your Spells              Type           Power      Damage    Failure   Level
a - Magic Dart            Conj           0%         1d3       43%         1
Your spell library was empty.

Inventory:

Hand Weapons
 a - a +1 shortbow (weapon)
Armour
 c - a +0 leather armour (worn)
Jewellery
 h - a ring of ice (left hand)
 m - an amulet of the acrobat (around neck)
Scrolls
 d - a scroll of teleportation
Potions
 f - a potion of mutation
 i - a potion of haste {unknown}
 j - a potion of invisibility {unknown}
 l - a potion of enlightenment {unknown}

Dungeon Overview and Level Annotations

Branches:
Dungeon (3/15)

Altars:

Annotations:
D:3 Sigmund


Message History

You shoot an arrow. The arrow barely misses Sigmund.
You shoot an arrow. The arrow barely misses Sigmund.
Sigmund completely misses you.
You shoot an arrow. The arrow hits Sigmund!
Sigmund is heavily wounded.
Sigmund points at you and mumbles some strange words.
You are confused.
1215 ||| DRINKING brown potion.
It was a potion of curing.
You feel better.
Sigmund points at you and mumbles some strange words.
The magic dart hits you.
You shoot an arrow. The arrow barely misses Sigmund.
Sigmund barely misses you.
You shoot an arrow. The arrow hits Sigmund!
Sigmund is severely wounded.
Sigmund hits you from afar with a +0 scythe!
You shoot an arrow. The arrow closely misses Sigmund.
Sigmund casts a spell.
Sigmund flickers and vanishes!
Deactivating autopickup; reactivate with Ctrl-A.
1219 ||| FLEEEEING.
You hear a zap.
A puff of flame appears from out of thin air!
The puff of flame misses you.
Something tries to affect you, but you resist.
A puff of flame appears from out of thin air!
The puff of flame hits you. You resist.
A magic dart appears from out of thin air!
The magic dart hits you!
You hear a zap.
A puff of flame appears from out of thin air!
The puff of flame hits you. You resist.
A magic dart appears from out of thin air!
The magic dart hits you.
You hear a zap.
A puff of flame appears from out of thin air!
The puff of flame misses you.
You hear a zap.
A puff of flame appears from out of thin air!
The puff of flame hits you. You resist.
You die...

...............###
.......................
........................
#....................#...
#........................
......................
......................
#............#......
#....@.......#.....
#.......##...#...).
#.......##...# ...#
####.......##...# ..#
#..........##...#.
#.................
#..........{......
#.................#
#...............##


There were no monsters in sight!

Vanquished Creatures
  2 adders (D:2)
  A dart slug (D:1)
  5 endoplasms
  A giant cockroach (D:1)
  8 goblins
  4 hobgoblins
  4 ball pythons
  7 bats
  5 frilled lizards
  3 kobolds
  4 rats (D:1)
44 creatures vanquished.

Notes
Turn   | Place    | Note
-------+----------+-------------------------------------------
     0 | D:1      | qw the Djinni Hunter began the quest for the Orb.
     0 | D:1      | Reached XP level 1. HP: 18/18 MP: 0/0
     0 | D:1      | 0 ||| qw: Version: 0.3-a-132-g3d54051
     0 | D:1      | 0 ||| qw: Game counter: 656
     0 | D:1      | 0 ||| qw: Melee chars always use a shield: true
     0 | D:1      | 0 ||| qw: God list: Okawaru
     0 | D:1      | 0 ||| qw: Allow faded altars: false
     0 | D:1      | 0 ||| qw: Do Orc after clearing Dungeon:15 true
     0 | D:1      | 0 ||| qw: Do second Lair branch before Depths: true
     0 | D:1      | 0 ||| qw: Lair rune preference: random
     0 | D:1      | 0 ||| qw: Goals: Normal
     0 | D:1      | 0 ||| PLANNING D:1-11
   148 | D:1      | Found a faded altar of an unknown god.
   177 | D:1      | 177 ||| RETREEEEATING.
   180 | D:1      | 180 ||| RETREEEEATING.
   181 | D:1      | 181 ||| RETREEEEATING.
   183 | D:1      | 183 ||| RETREEEEATING.
   189 | D:1      | Reached XP level 2. HP: 16/23 MP: 0/0
   418 | D:1      | Reached XP level 3. HP: 28/28 MP: 0/0
   418 | D:1      | Learned a level 1 spell: Magic Dart
   421 | D:1      | Reached skill level 4 in Ranged Weapons
   706 | D:1      | 706 ||| READING scroll labelled BUGOD XILLEHE.
   707 | D:1      | 707 ||| READING scroll labelled GUV OLIUQ BETS.
   708 | D:1      | 708 ||| READING scroll labelled XENNEMIAPU.
   712 | D:1      | 712 ||| READING scroll labelled IMMIESEIBB.
   712 | D:1      | 712 ||| ENCHANTING +0 shortbow.
   713 | D:1      | 713 ||| DROPPING scroll of butterflies.
   806 | D:2      | Reached skill level 3 in Fighting
   806 | D:2      | Reached XP level 4. HP: 25/35 MP: 0/0
   806 | D:2      | 806 ||| FLEEEEING.
  1099 | D:2      | 1099 ||| UPGRADING to amulet of the acrobat.
  1104 | D:2      | 1104 ||| UPGRADING to ring of ice.
  1105 | D:2      | 1105 ||| READING 2 scrolls labelled WAPHUOGYRGH.
  1105 | D:2      | 1105 ||| IDENTIFYING fizzy brown potion
  1106 | D:2      | 1106 ||| READING scroll of identify.
  1106 | D:2      | 1106 ||| IDENTIFYING clear potion
  1107 | D:2      | 1107 ||| READING scroll labelled XEKHIGH SAUT.
  1108 | D:2      | 1108 ||| DRINKING 2 red potions.
  1140 | D:2      | 1140 ||| DROPPING potion of attraction.
  1141 | D:2      | 1141 ||| DROPPING potion of lignification.
  1207 | D:3      | Noticed Sigmund
  1215 | D:3      | 1215 ||| DRINKING brown potion.
  1219 | D:3      | 1219 ||| FLEEEEING.
  1223 | D:3      | HP: 8/35 [something/puff of flame (2)]
  1224 | D:3      | HP: 2/35 [something/magic dart (6)]
  1227 | D:3      | Killed from afar by Sigmund

Levels and vault maps discovered:
D:1:      ebering_trefoil_twist, layout_loops_ring,
          shapermc_ecumenical_altar_rom_forum, amcnicky_mini_corridor_feature,
          st_stairs_12, hangedman_abyss_or_decor_stabs, minmay_circled_x
D:2:      layout_rooms
D:3:      minmay_inner_zag, layout_basic, minmay_misc_feat_plants,
          minmay_misc_feat_cross, uniq_sigmund

Skill      XL: |  1  2  3 |
---------------+----------+-----
Ranged Weapons | 4 |  4.0
Fighting       | 3 |  3.1
Dodging        | |  2.6
Stealth        | |  0.7

Action                     |  1- 3 |  4- 6 || total
---------------------------+-------+-------++-------
   Fire: Shortbow          |    99 |    49 ||   148
    Use: Scroll            |     4 |     3 ||     7
         Potion            |       |     2 ||     2
 Armour: Leather armour    |    35 |    22 ||    57
  Dodge: Dodged            |    50 |    21 ||    71

Table legend:
 A = Non-vault XP
 B = Vault XP
 C = Vault XP percentage of total XP
 D = Non-vault monster count
 E = Vault monster count
 F = Vault count percentage of total count
                 A         B        C        D         E       F
            +---------+---------+-------+---------+---------+-------
      Total |      85 |      13 |  13.3 |      38 |       6 |  13.6
            +---------+---------+-------+---------+---------+-------
        D:1 |      34 |      13 |  27.7 |      22 |       6 |  21.4
        D:2 |      45 |       0 |   0.0 |      12 |       0 |   0.0
        D:3 |       6 |       0 |   0.0 |       4 |       0 |   0.0
            +---------+---------+-------+---------+---------+-------
